 Dungeon Crawl Stone Soup version 0.28-a0-2-g643f2454ad (webtiles) character file.

Game seed: 12821029117900340515

90356 hatdisgam the Carver (level 16, -11/129 HPs)
             Began as a Barachi Ice Elementalist on July 23, 2021.
             Was the Champion of Cheibriados.
             Mangled by a skeletal warrior (15 damage)
             ... led by a skeletal warrior
             ... on level 14 of the Dungeon.
             The game lasted 01:11:10 (35555 turns).

hatdisgam the Carver (Barachi Ice Elementalist)    Turns: 35555, Time: 01:11:10

Health: -11/129    AC: 20    Str: 26    XL:     16   Next: 0%
Magic:  25/25      EV: 18    Int: 36    God:    Cheibriados [******]
Gold:   2075       SH:  9    Dex: 28    Spells: 6/26 levels left

rFire   . . .      SeeInvis .   F - +4 long sword (flame)
rCold   + + .      Faith    .   w - +2 buckler
rNeg    . . .      Spirit   .   U - +3 chain mail {Will+}
rPois   .          Reflect  .   (no helmet)
rElec   .          Harm     .   r - scarf {rC+ rF+}
rCorr   .          Rampage  .   (no gloves)
Will    ++...                   W - +0 pair of boots
Stlth   ..........              S - amulet of magic regeneration
HPRegen 0.31/turn               d - ring of ice
MPRegen 0.44/turn               n - +4 ring of protection

@: unable to hop, studying 2 skills, very slow
A: amphibious, slowness 1, strong legs 2, +LOS
a: Hop, Renounce Religion, Bend Time, Temporal Distortion, Slouch, Step From
Time


You were on level 14 of the Dungeon.
You worshipped Cheibriados.
Cheibriados was exalted by your worship.
You visited 4 branches of the dungeon, and saw 23 of its levels.

You collected 2330 gold pieces.
You spent 255 gold pieces at shops.

Inventory:

Hand Weapons
 x - a +1 falchion of holy wrath
 F - a +4 long sword of flaming (weapon)
Missiles
 q - 12 boomerangs of dispersal
 s - 2 throwing nets
 K - 416 stones
 N - 12 curare-tipped darts
Armour
 r - a scarf of resistance (worn)
 w - a +2 buckler (worn)
 U - a +3 chain mail of willpower (worn)
 V - the +3 ring mail of Dopn {rC+ SInv}
   (You found it on level 9 of the Dungeon)

   rC:        It protects you from cold.
   SInv:      It lets you see invisible.
 W - a +0 pair of boots (worn)
Jewellery
 d - a ring of ice (left hand)
 j - a ring of flight
 m - a ring of ice
 n - a +4 ring of protection (right hand)
 A - the ring "Utsaph" {rF+ rN+ Str+5}
   (You took it off a wizard on level 12 of the Dungeon)

   [ring of positive energy]

   Str:       It affects your strength (+5).
   rF:        It protects you from fire.
   rN:        It protects you from negative energy.
 O - the amulet "Tuin" {Reflect Rampage Fly rCorr Dex-4 SH+5}
   (You found it on level 13 of the Dungeon)

   [amulet of reflection]

   It reflects blocked missile attacks.
   Dex:       It affects your dexterity (-4).
   Fly:       It grants you flight.
   rCorr:     It protects you from acid and corrosion.
   SH:        It affects your SH (+5).
   Rampage:   It bestows one free step when moving towards enemies.
 S - an amulet of magic regeneration (around neck)
Wands
 c - a wand of paralysis (24)
 g - a wand of flame (36)
 G - a wand of iceblast (9)
 I - a wand of digging (10)
 T - a wand of mindburst (11)
 Z - a wand of charming (8)
Scrolls
 f - 3 scrolls of immolation
 i - 7 scrolls of noise {unknown}
 l - a scroll of amnesia
 t - 4 scrolls of enchant armour
 u - 4 scrolls of summoning {unknown}
 v - 6 scrolls of enchant weapon {unknown}
 B - a scroll of blinking
 H - 4 scrolls of fog
 J - 2 scrolls of magic mapping
 R - a scroll of torment
 X - a scroll of silence
Potions
 a - 2 potions of berserk rage {unknown}
 e - 3 potions of brilliance {unknown}
 h - a potion of cancellation {unknown}
 k - 2 potions of lignification
 o - 2 potions of resistance
 p - a potion of magic
 y - 2 potions of heal wounds
 z - 8 potions of curing
 D - a potion of ambrosia {unknown}
 E - 3 potions of flight
 L - 3 potions of haste {unknown}
 M - 3 potions of might {unknown}
 P - a potion of mutation {unknown}
 Q - 3 potions of attraction
 Y - a potion of degeneration {unknown}
Miscellaneous
 C - a box of beasts


   Skills:
 - Level 12.6 Fighting
 - Level 14.0 Long Blades
 - Level 10.0 Armour
 - Level 11.0 Dodging
 - Level 1.7 Stealth
 - Level 4.0 Shields
 + Level 5.5 Spellcasting
 * Level 10.4 Conjurations
 * Level 12.5 Ice Magic
 - Level 7.0 Earth Magic
 + Level 12.1 Invocations


You had 6 spell levels left.
You knew the following spells:

 Your Spells              Type           Power      Damage    Failure   Level
a - Freeze                Ice            100%       1d11      1%          1
b - Frozen Ramparts       Ice            100%       1d12      1%          3
c - Stone Arrow           Conj/Erth      100%       3d13      1%          3
d - Hailstorm             Conj/Ice       96%        3d19      1%          4
e - Mephitic Cloud        Conj/Pois/Air  35%        N/A       12%         3
f - Sandblast             Erth           100%       2d20      1%          1
g - Freezing Cloud        Conj/Ice/Air   39%        6-21      21%         5

Your spell library contained the following spells:

 Spells                   Type           Power      Damage    Failure   Level
 Foxfire                  Conj/Fire      100%       2x1d9     1%          1
 Magic Dart               Conj           100%       1d8       1%          1
 Shock                    Conj/Air       100%       1d9       1%          1
 Ozocubu's Armour         Ice            100%       N/A       1%          3
 Passwall                 Tmut/Erth      29%        N/A       6%          2
 Conjure Flame            Conj/Fire      47%        6-21      6%          3
 Animate Skeleton         Necr           20%        N/A       17%         1
 Apportation              Tloc           20%        N/A       17%         1
 Corona                   Hex            11%        N/A       17%         1
 Pain                     Necr           40%        1d6       17%         1
 Summon Small Mammal      Summ           40%        N/A       17%         1
 Sticky Flame             Conj/Fire      47%        2d6       21%         4
 Call Imp                 Summ           10%        N/A       26%         2
 Poisonous Vapours        Pois/Air       20%        N/A       26%         2
 Sublimation of Blood     Necr           5%         N/A       26%         2
 Wereblood                Tmut           10%        N/A       26%         2
 Lee's Rapid Deconstruct  Erth           28%        3d16*     26%         5
 Bolt of Magma            Conj/Fire/Erth 25%        4d12      41%         5
 Gell's Gravitas          Tloc           5%         N/A       45%         3
 Inner Flame              Hex/Fire       10%        N/A       45%         3
 Summon Guardian Golem    Hex/Summ       10%        N/A       45%         3
 Swiftness                Air            10%        N/A       45%         3
 Teleport Other           Tloc           10%        N/A       45%         3
 Fireball                 Conj/Fire      23%        3d11      50%         5
 Irradiate                Conj/Tmut      23%        3d21      50%         5
 Airstrike                Air            5%         N/A       86%         4
 Cause Fear               Hex            5%         N/A       86%         4
 Agony                    Necr           10%        N/A       99%         5
 Excruciating Wounds      Necr           5%         N/A       99%         5
 Dispersal                Tloc           5%         N/A       100%        6
 Dragon Form              Tmut           5%         N/A       100%        7
 Summon Hydra             Summ           5%         N/A       100%        7
 Ignition                 Fire           5%         3d4       100%        8
 Dragon's Call            Summ           5%         N/A       100%        9
 Shatter                  Erth           28%        3d24*     100%        9


Dungeon Overview and Level Annotations

Branches:
Dungeon (14/15)            Temple (1/1) D:7            Lair (6/6) D:9
 Shoals (0/4) Lair:3       Spider (0/4) Lair:3        Slime (0/5) Lair:6
    Orc (2/2) D:11            Elf (0/3) Orc:2
 Vaults: D:13-14

Altars:
Ashenzari
Cheibriados
Dithmenos
Elyvilon
Fedhas
Gozag
Hepliaklqana
Kikubaaqudgha
Makhleb
Nemelex Xobeh
Okawaru
Qazlal
Ru
Sif Muna
Trog
Uskayaw
Vehumet
Wu Jian
Xom
Yredelemnul
Zin
The Shining One
Jiyva

Shops:
Orc:1 =   Orc:2 *[:(

Annotations:
D:3 3 runed translucent doors, Sweetruy1997's ghost, amateur KoSu
D:9 2 transporters, 3 runed translucent doors, lewky's ghost, journeyman DjWz
Lair:5 2 transporters, Ziry's ghost, journeyman DgIE


Innate Abilities, Weirdness & Mutations

You are amphibious.
You cover ground slowly.
You can hop long distances.
You have an extended range of vision and can be seen from far away.


Message History

Boing!
The centaur shoots an arrow.
The arrow completely misses you.
The centaur shoots an arrow.
The arrow hits you but does no damage.
Unknown command.
The centaur warrior shoots an arrow.
The arrow hits you!
The centaur shoots an arrow.
The arrow barely misses you.
The centaur warrior shoots an arrow.
The arrow hits you but does no damage.
The centaur shoots an arrow.
The arrow completely misses you.
The centaur warrior shoots an arrow.
The arrow hits you!!
The centaur shoots an arrow.
The arrow hits you but does no damage.
Unknown command.
The centaur warrior shoots an arrow.
The arrow misses you.
The centaur warrior shoots an arrow.
The arrow misses you.
The centaur shoots an arrow.
The arrow completely misses you.
Unknown command.
The centaur shoots an arrow.
The arrow closely misses you.
The centaur shoots an arrow.
The arrow misses you. The skeletal warrior misses you.
The centaur shoots an arrow.
You block the arrow.
The centaur shoots an arrow.
The arrow closely misses you.
The centaur shoots an arrow.
The arrow barely misses you. The skeletal warrior barely misses you.
The skeletal warrior misses you.
The centaur shoots an arrow.
You block the arrow.
The centaur shoots an arrow.
The arrow hits you but does no damage.
The centaur warrior shoots an arrow.
The arrow hits you!!
You block the skeletal warrior's attack.
The skeletal warrior hits you but does no damage.
The centaur shoots an arrow.
The arrow barely misses you.
The skeletal warrior hits you from afar with a +0 trident!
The skeletal warrior hits you from afar with a +0 trident.
* * * LOW HITPOINT WARNING * * *
The skeletal warrior hits you from afar with a +0 glaive!!
* * * LOW HITPOINT WARNING * * *
There is an escape hatch in the ceiling, spattered with blood here.
You can't go down here!
Unknown command.
The skeletal warrior hits you from afar with a +0 trident!
* * * LOW HITPOINT WARNING * * *
You block the skeletal warrior's attack.
The skeletal warrior hits you from afar with a +0 glaive!
You die...

##########################
##.........................
##..........................
##...........................
##....................#.......
##..............z.....###...(..
##.............@.zc...## ##.....
##..........#....zz.....###....).
#..........###...:c......#....c.)
..........## ##..............z...
...........###...................
............#....................
.................................
..................###............
..<...............###............


You could see 4 skeletal warriors, a centaur warrior and a centaur.

Vanquished Creatures
  Rupert (Lair:4)
  An orc warlord (Orc:1)
  A boulder beetle (D:14)
  Harold (D:7)
  Erolcha (D:13)
  12 hydras
  A death knight (D:12)
  6 death yaks (Lair:6)
  5 centaur warriors
  4 two-headed ogres
  A tengu warrior (D:14)
  Urug (D:10)
  5 orc high priests
  Sonja (Lair:4)
  A wizard (D:12)
  3 deep elf pyromancers
  3 orc knights (Orc:2)
  An ugly thing (D:12)
  3 orc sorcerers (Orc:2)
  11 cyclopes
  12 elephants
  4 black mambas
  4 gargoyles
  A torpor snail (Lair:3)
  Psyche (D:8)
  16 cane toads
  An unseen horror (D:11)
  A kobold demonologist (D:11)
  Maggie (D:7)
  9 komodo dragons
  9 trolls
  A jumping spider (Lair:3)
  4 hornets (Lair:6)
  7 polar bears
  9 slime creatures
  16 blink frogs
  5 dream sheep
  A meliai zombie (D:10)
  A redback (Lair:3)
  14 spriggans (Lair:6)
  4 wraiths
  6 wyverns
  3 shadows
  A water elemental (D:14)
  3 basilisks
  55 yaks
  3 vampires
  7 vampire mosquitoes
  3 steam dragons
  An acid dragon (D:11)
  19 water moccasins
  Duvessa (D:7)
  5 black bears
  An ice beast (D:8)
  40 orc warriors
  A sky beast (D:5)
  4 ogres
  2 necrophages
  15 wolves
  5 boggarts (Lair:6)
  8 centaurs
  A phantom (D:7)
  2 kobold brigands
  17 bullfrogs
  2 gnoll sergeants
  4 scorpions
  2 water moccasin zombies
  A wyvern skeleton (D:6)
  Dowan (D:7)
  3 water moccasin skeletons
  4 wights
  3 electric eels (D:8)
  4 centaur zombies
  A bullfrog skeleton (D:4)
  2 bullfrog zombies (D:5)
  2 jellies
  20 orc priests
  A centaur skeleton (D:3)
  A gnoll shaman (D:9)
  Jessica (D:2)
  24 orc wizards
  5 iguanas
  2 howler monkey zombies (D:8)
  10 adders
  15 gnolls
  5 river rats (D:8)
  2 shadow imps
  A white imp (D:6)
  2 ufetubi
  3 worms
  5 dart slugs
  64 orcs
  3 ball pythons
  4 endoplasms
  5 giant cockroaches
  11 goblins
  5 hobgoblins
  9 jackals
  9 quokkas
  6 bats
  3 frilled lizards
  A jackal skeleton (D:4)
  15 kobolds
  22 rats
  2 rat zombies (D:5)
672 creatures vanquished.

Vanquished Creatures (others)
  A human (D:14)
  2 orc wizards (Orc:2)
  A white imp (D:8)
  81 fungi
  103 plants
188 creatures vanquished.

Grand Total: 860 creatures vanquished

Notes
Turn   | Place    | Note
-------+----------+-------------------------------------------
     0 | D:1      | hatdisgam the Barachi Ice Elementalist began the quest for
                  | the Orb.
     0 | D:1      | Reached XP level 1. HP: 13/13 MP: 3/3
    95 | D:1      | Reached skill level 5 in Ice Magic
    98 | D:1      | Reached XP level 2. HP: 6/19 MP: 1/5
   953 | D:1      | Reached XP level 3. HP: 24/24 MP: 4/7
  1188 | D:1      | Found a faded altar of an unknown god.
  1303 | D:1      | Learned a level 3 spell: Frozen Ramparts
  1823 | D:2      | Reached XP level 4. HP: 30/30 MP: 3/8
  2296 | D:2      | Noticed Jessica
  2299 | D:2      | Killed Jessica
  2444 | D:2      | Learned a level 3 spell: Ozocubu's Armour
  2467 | D:3      | Found a runed translucent gate.
  2467 | D:3      | Found a runed translucent gate.
  2467 | D:3      | Noticed a kobold brigand
  2468 | D:3      | Found a runed translucent gate.
  2468 | D:3      | Noticed Sweetruy1997's ghost (amateur KoSu)
  2859 | D:3      | Reached XP level 5. HP: 31/35 MP: 8/10
  3906 | D:4      | Noticed an ogre
  3918 | D:4      | Killed an ogre
  3919 | D:4      | Reached XP level 6. HP: 41/41 MP: 3/12
  4104 | D:4      | Noticed a black bear
  4111 | D:4      | Killed a black bear
  4112 | D:4      | Reached XP level 7. HP: 46/46 MP: 7/13
  4423 | D:4      | Noticed a steam dragon
  4464 | D:4      | Learned a level 4 spell: Hailstorm
  4469 | D:4      | Killed a steam dragon
  5064 | D:4      | Reached XP level 8. HP: 48/52 MP: 14/14
  5124 | D:4      | Identified the +4 chain mail of the Lute {*Corrode Fly rF++
                  | Str+3}
  5335 | D:5      | Entered Level 5 of the Dungeon
  5335 | D:5      | Found a burning altar of Makhleb.
  5386 | D:5      | Reached skill level 1 in Conjurations
  5407 | D:5      | Reached skill level 10 in Ice Magic
  5584 | D:5      | Found a basalt altar of Yredelemnul.
  5657 | D:5      | Noticed a two-headed ogre
  5664 | D:5      | Killed a two-headed ogre
  5665 | D:5      | Reached skill level 5 in Dodging
  5665 | D:5      | Reached XP level 9. HP: 18/57 MP: 7/15
  6164 | D:5      | Reached skill level 5 in Fighting
  6490 | D:5      | Found a shadowy altar of Dithmenos.
  6817 | D:6      | Reached skill level 1 in Long Blades
  7030 | D:6      | Reached skill level 2 in Long Blades
  7045 | D:6      | Reached skill level 3 in Long Blades
  7138 | D:6      | Reached skill level 4 in Long Blades
  7512 | D:6      | Reached skill level 5 in Long Blades
  7823 | D:6      | Reached skill level 6 in Long Blades
  7823 | D:6      | Reached XP level 10. HP: 79/79 MP: 16/16
  7941 | D:6      | Found a white marble altar of Elyvilon.
  8485 | D:7      | Noticed Harold
  8493 | D:7      | Reached skill level 7 in Long Blades
  8498 | D:7      | Killed Harold
  8499 | D:7      | Reached skill level 9 in Long Blades
  8854 | D:7      | Found a staircase to the Ecumenical Temple.
  8860 | Temple   | Entered the Ecumenical Temple
  8940 | Temple   | Became a worshipper of Cheibriados the Contemplative
  9134 | D:7      | Reached skill level 10 in Long Blades
  9296 | D:7      | Noticed Duvessa
  9296 | D:7      | Noticed Dowan
  9304 | D:7      | Killed Duvessa
  9304 | D:7      | Killed Dowan
  9371 | D:7      | Got the Handbook of Conjuration and Calling
  9400 | D:7      | Noticed Maggie
  9408 | D:7      | Killed Maggie
  9891 | D:8      | Reached skill level 11 in Long Blades
 10426 | D:8      | Noticed Psyche
 10429 | D:8      | Paralysed by Psyche for 5 turns
 10567 | D:8      | Killed Psyche
 11225 | D:8      | Reached skill level 12 in Long Blades
 11229 | D:8      | Reached * piety under Cheibriados
 11679 | D:9      | Noticed a deep elf pyromancer
 11680 | D:9      | Reached ** piety under Cheibriados
 11696 | D:9      | Killed a deep elf pyromancer
 11697 | D:9      | Reached XP level 11. HP: 72/87 MP: 9/17
 11835 | D:9      | Noticed a centaur warrior
 11849 | D:9      | Reached skill level 13 in Long Blades
 11912 | D:9      | Noticed a two-headed ogre
 11917 | D:9      | Noticed a cyclops
 11923 | D:10     | Entered Level 10 of the Dungeon
 12128 | D:9      | Killed a cyclops
 12213 | D:10     | Killed a two-headed ogre
 12214 | D:10     | Reached skill level 1 in Invocations
 12354 | D:9      | Killed a centaur warrior
 12355 | D:9      | Reached skill level 14 in Long Blades
 12715 | D:9      | Noticed a cyclops
 12721 | D:9      | Killed a cyclops
 12891 | D:9      | Identified the +3 ring mail of Dopn {rC+ SInv}
 12917 | D:9      | Found a staircase to the Lair.
 13010 | D:9      | Reached *** piety under Cheibriados
 13033 | D:9      | Found a transporter.
 13104 | D:9      | Found a runed translucent gate.
 13104 | D:9      | Found a runed translucent gate.
 13104 | D:9      | Found a runed translucent gate.
 13118 | D:9      | Noticed lewky's ghost (journeyman DjWz)
 13351 | D:9      | Found a transporter.
 13591 | D:10     | Reached skill level 5 in Armour
 13753 | D:10     | Found a sacrificial altar of Ru.
 13753 | D:10     | Found a stormy altar of Qazlal.
 13817 | D:10     | Noticed a two-headed ogre
 13824 | D:10     | Killed a two-headed ogre
 13973 | D:10     | Learned a level 3 spell: Mephitic Cloud
 14031 | D:10     | Found a bloodstained altar of Trog.
 14556 | D:10     | Reached skill level 5 in Conjurations
 14864 | Lair:1   | Entered Level 1 of the Lair of Beasts
 14871 | Lair:1   | Noticed Urug
 15547 | Lair:1   | Noticed an eight-headed hydra
 15826 | Lair:1   | Reached XP level 12. HP: 79/94 MP: 10/18
 15908 | Lair:1   | Noticed a six-headed hydra
 15915 | Lair:1   | Killed a six-headed hydra
 16152 | Lair:1   | Learned a level 1 spell: Sandblast
 16522 | Lair:1   | Reached **** piety under Cheibriados
 16585 | Lair:1   | Killed an eight-headed hydra
 16855 | Lair:1   | Reached skill level 5 in Invocations
 18695 | Lair:2   | Reached skill level 10 in Armour
 19193 | Lair:2   | Reached skill level 1 in Earth Magic
 19677 | Lair:2   | Gained mutation: You can hop long distances. [Barachi
                  | growth]
 19677 | Lair:2   | Reached XP level 13. HP: 74/101 MP: 19/19
 19914 | Lair:3   | Reached ***** piety under Cheibriados
 20131 | Lair:3   | Found a staircase to the Shoals.
 20257 | Lair:3   | Found a hole to the Spider Nest.
 21291 | Lair:3   | Reached skill level 5 in Earth Magic
 21580 | Lair:4   | Noticed Sonja
 21585 | Lair:4   | Killed Sonja
 21586 | Lair:4   | Reached skill level 10 in Fighting
 21788 | Lair:4   | Noticed Rupert
 22456 | Lair:4   | Killed Rupert
 24266 | Lair:5   | Reached XP level 14. HP: 103/113 MP: 20/20
 24570 | Lair:5   | Found a transporter.
 24582 | Lair:5   | Found a bloodstained altar of Trog.
 24638 | Lair:5   | Noticed Ziry's ghost (journeyman DgIE)
 24645 | Lair:5   | Found a transporter.
 25176 | Lair:6   | Entered Level 6 of the Lair of Beasts
 25999 | Lair:6   | Found a staircase to the Slime Pits.
 26000 | Lair:6   | Found a viscous altar of Jiyva.
 26308 | Lair:6   | Reached skill level 10 in Invocations
 26322 | Lair:6   | Reached skill level 10 in Dodging
 27635 | D:10     | Killed Urug
 28447 | D:11     | Found a staircase to the Orcish Mines.
 29008 | D:1      | Learned a level 5 spell: Freezing Cloud
 29209 | Orc:1    | Entered Level 1 of the Orcish Mines
 29290 | Orc:1    | Reached XP level 15. HP: 118/122 MP: 23/23
 29766 | Orc:2    | Entered Level 2 of the Orcish Mines
 29768 | Orc:2    | Found a staircase to the Elven Halls.
 29857 | Orc:2    | Noticed an orc warlord
 29865 | Orc:2    | Reached ****** piety under Cheibriados
 30080 | Orc:1    | Killed an orc warlord
 31503 | Orc:1    | Found Neqastext's Jewellery Shop.
 31512 | Orc:1    | You fall into a shaft and drop 1 floor!
 31576 | Orc:1    | Found a bloodstained altar of Trog.
 31737 | Orc:2    | Reached skill level 5 in Spellcasting
 31931 | Orc:2    | Found Pomnaorgh's Antique Armour Boutique.
 31932 | Orc:2    | Found Usin's Antique Weapon Shop.
 31935 | Orc:2    | Found Suluk's General Store.
 31935 | Orc:2    | Found Xunniteo's Book Boutique.
 31950 | Orc:2    | Bought a runed buckler for 255 gold pieces
 32307 | D:12     | Reached skill level 1 in Shields
 32384 | D:12     | Got the Guide on Enchantment and the Arsonist
 33282 | D:12     | Identified the +8 rapier of Zoangan {venom, Dex+4 Stlth+}
 33282 | D:12     | Identified the ring "Utsaph" {rF+ rN+ Str+5}
 33987 | D:13     | Noticed Erolcha
 33993 | D:13     | Killed Erolcha
 34162 | D:13     | Reached skill level 10 in Conjurations
 34357 | D:13     | Identified the amulet "Tuin" {Reflect Rampage Fly rCorr
                  | Dex-4 SH+5}
 35240 | D:14     | Learned a level 3 spell: Stone Arrow
 35543 | D:14     | Reached XP level 16. HP: 110/129 MP: 25/25
 35555 | D:14     | HP: 4/129 [skeletal warrior (12)]
 35555 | D:14     | Mangled by a skeletal warrior

Illustrated notes

Levels and vault maps discovered:
D:1:      scummos_arrival_gate, layout_loops_cross,
          chequers_ecumenical_altar_simple
D:2:      layout_basic, grunt_decor_cap, uniq_jessica
D:3:      layout_basic, gammafunk_ghost_nasty_kobolds
D:4:      layout_loops_cross, minmay_manual_mail
D:5:      layout_rooms, mainiacjoe_overflow_paths,
          mainiacjoe_overflow_concentric_impassable,
          mainiacjoe_overflow_24_doors, enter_ossuary_4,
          hangedman_abyss_or_decor_passed, chequers_big_river
D:6:      layout_loops_ring, elyvilon_altar_5
D:7:      layout_basic, minmay_temple_entry_enclosed_plants, uniq_duvessa,
          uniq_harold, uniq_maggie
D:8:      lemuel_ratsnest, layout_basic, serial_bayou_lagoon_b, uniq_psyche
D:9:      gammafunk_cloud_chamber, layout_basic, due_lair_maze_entry_diamond,
          ebering_ghost_rock_garden, minmay_bent
D:10:     layout_roguey, lightli_temple_of_fire,
          chequers_temple_overflow_statue_of_worship
D:11:     layout_loops_ring, orc_0_dummy, chequers_mini_garden
D:12:     layout_roguey, minmay_the_grid_square_5x5_3x3_mashed
          [minmay_the_grid_square_5x5_eight, minmay_the_grid_square_5x5_inner_i,
          minmay_the_grid_square_5x5_n_small, minmay_the_grid_square_5x5_v,
          minmay_the_grid_square_5x5_megaprize_checkered,
          minmay_the_grid_square_5x5_minimal,
          minmay_the_grid_square_5x5_almost_minimal,
          minmay_the_grid_square_5x5_longway,
          minmay_the_grid_square_5x5_dogpile]
D:13:     layout_small_grid, uniq_erolcha
D:14:     layout_big_octagon, ximxim_vaults_locker_room, dk_noncrumbling_2,
          minivault_27, lemuel_zombie_altar_yredelemnul
Temple:   regret_index_temple_waves
Lair:1:   layout_regular_city, minmay_shattered_shrine, uniq_urug
Lair:2:   layout_concentric_octagons, serial_bayou_shore_b
Lair:3:   layout_regular_city, minmay_shoals_entry_centaurs,
          spider_nest_entry_a, serial_bayou_shore_b, grunt_megastairs_5,
          lemuel_fruit_tree
Lair:4:   layout_small_grid, uniq_rupert, uniq_sonja
Lair:5:   layout_roguey, gammafunk_ghost_wrathful_warriors, grunt_megastairs_1
Lair:6:   minmay_lair_end_enchanted_forest, layout_cave_pods, slime_altar_1
Orc:1:    layout_diamond_mine, minmay_shop_enchanted_jewellery,
          trog_butcher_becter
Orc:2:    st_orc_congregation, layout_caves

Skill      XL: |  1  2  3  4  5  6  7  8  9 10 11 12 13 14 15 |
---------------+----------------------------------------------+-----
Ice Magic      | 5 6 7 8 9 11 12 | 12.5
Spellcasting   | 3 4 5 |  5.5
Dodging        | 3 4 5 6 8 9 11 | 11.0
Conjurations   | 4 5 8 10 | 10.4
Fighting       | 7 8 9 11 12 | 12.6
Long Blades    | 6 12 14 | 14.0
Invocations    | 4 5 8 10 12 | 12.1
Armour         | 6 10 | 10.0
Earth Magic    | 2 7 |  7.0
Shields        | 4 |  4.0
Stealth        | |  1.7

Action                   |  1- 3 |  4- 6 |  7- 9 | 10-12 | 13-15 | 16-18 || total
-------------------------+-------+-------+-------+-------+-------+-------++-------
Melee: Spear             |    79 |    20 |       |       |       |       ||    99
       Unarmed           |     1 |       |       |       |       |       ||     1
       Dagger            |       |    18 |   247 |    16 |       |       ||   281
       Short sword       |       |    18 |    35 |       |       |       ||    53
       Long sword        |       |       |       |   251 |  1035 |     3 ||  1289
 Cast: Freeze            |    32 |    24 |    30 |   159 |   117 |       ||   362
       Frozen Ramparts   |     3 |     6 |    12 |    44 |    54 |       ||   119
       Hailstorm         |       |       |       |    31 |    57 |       ||    88
       Ozocubu's Armour  |       |       |       |     3 |       |       ||     3
       Mephitic Cloud    |       |       |       |       |     5 |       ||     5
       Sandblast         |       |       |       |       |     5 |       ||     5
Invok: Slouch            |       |       |       |       |     7 |       ||     7
 Abil: Hop               |     2 |       |     1 |     9 |     9 |     1 ||    22
Evoke: Wand              |       |       |       |     3 |     5 |       ||     8
  Use: Scroll            |       |       |     2 |    12 |    13 |     1 ||    28
       Potion            |       |       |       |     1 |     3 |       ||     4
 Stab: Sleeping          |     6 |     2 |     2 |     1 |       |       ||    11
       Distracted        |       |       |       |     2 |       |       ||     2
       Confused          |       |       |       |       |     1 |       ||     1
Armor: Robe              |    23 |    27 |    84 |    41 |       |       ||   175
       Ring mail         |       |       |       |    27 |       |       ||    27
       Chain mail        |       |       |       |    81 |   485 |    10 ||   576
Dodge: Dodged            |    56 |    46 |   188 |   345 |   827 |    18 ||  1480
Block: Buckler           |       |       |       |       |   139 |    11 ||   150
       Rpst.: Long sword |       |       |       |    85 |   192 |       ||   277

Table legend: (Time is in decaauts)
 A = Elapsed time spent in this place.
 B = Non-inter-level travel time spent in this place.
 C = Inter-level travel time spent in this place.
 D = Time resting spent in this place.
 E = Time spent auto-exploring this place.
 F = Levels seen in this place.
 G = Mean time per level.
                   A        B        C        D        E       F      G
               +--------+--------+--------+--------+--------+-----+--------+
         Total |  47705 |  44879 |   2826 |   8224 |  30914 |  23 | 2074.1 |
       Dungeon |  26120 |  24389 |   1731 |   3896 |  17270 |  14 | 1865.7 |
        Temple |    162 |     86 |     76 |      0 |     82 |   1 |  162.0 |
          Lair |  17164 |  16400 |    764 |   3216 |  11495 |   6 | 2860.7 |
  Orcish Mines |   4258 |   4005 |    253 |   1111 |   2065 |   2 | 2129.0 |
               +--------+--------+--------+--------+--------+-----+--------+

Top non-repeatable levels by time:
  Lair:1: 3601 daAuts
  Lair:6: 3428 daAuts
    D:10: 2986 daAuts
  Lair:3: 2787 daAuts
     D:9: 2649 daAuts
  Lair:4: 2517 daAuts
  Lair:2: 2506 daAuts
     D:8: 2351 daAuts
   Orc:2: 2334 daAuts
  Lair:5: 2323 daAuts
    D:12: 2233 daAuts
   Orc:1: 1924 daAuts
     D:7: 1842 daAuts
     D:4: 1762 daAuts
     D:6: 1733 daAuts
